 Dungeon Crawl Stone Soup version 0.31.0-12-g77e489cdc1 (webtiles) character file.

Game seed: 17159535214780236695

148 spaghetti the Trooper (level 5, 0/54 HPs)
             Began as an Oni Chaos Knight on Feb 16, 2024.
             Was a Plaything of Xom.
             Slain by a hobgoblin
             ... wielding a +0 whip
              (4 damage)
             ... on level 3 of the Dungeon.
             The game lasted 00:04:40 (2221 turns).

spaghetti the Trooper (Oni Chaos Knight)            Turns: 2221, Time: 00:04:41

Health: 0/54       AC:  5    Str: 14 (15) XL:     5   Next: 30%
Magic:  1/6        EV:  9    Int: 16 (17) God:    Xom [..*...]
Gold:   125        SH:  0    Dex:  6 (9)  Spells: 1/6 levels left

rFire   . . .        g - staff of conjuration
rCold   . . .        (no shield)
rNeg    . . .        b - +2 robe
rPois   .            (helmet restricted)
rElec   .            (no cloak)
rCorr   +            (gloves unavailable)
SInv    .            (boots unavailable)
Will    .....        (no amulet)
Stlth   +            f - ring of resist corrosion
HPRegen 0.29/turn    (no ring)
MPRegen 0.10/turn

%: no passive effects
@: confused, very slightly contaminated
A: large, unfitting armour, horns 1, tough skin 1, double potion healing,
drunken brawling, clever 1, deterioration 1, mutation resistance 1
a: Renounce Religion


You were on level 3 of the Dungeon.
You worshipped Xom.
You were a toy of Xom.
You visited 1 branch of the dungeon, and saw 3 of its levels.

You collected 125 gold pieces.

Inventory:

Hand Weapons
 a - a +0 short sword of chaos
 k - a +2 dagger of draining
Armour
 b - a +2 robe (worn)
Magical Staves
 g - a staff of conjuration (weapon)
Jewellery
 f - a ring of resist corrosion (left hand)
Scrolls
 i - a scroll of fog
 j - 5 scrolls of identify
Potions
 l - a potion of degeneration


   Skills:
 - Level 4.0 Fighting
 - Level 2.6 Short Blades
 - Level 2.1 Dodging
 - Level 3.5 Stealth
 + Level 1.0 Spellcasting
 + Level 0.6 Conjurations
 + Level 0.6 Summonings


You had one spell level left.
You knew the following spells:

 Your Spells              Type           Power      Damage    Failure   Level
a - Call Imp              Summ           4%         N/A       26%         2
b - Mephitic Cloud        Conj/Alch/Air  2%         N/A       54%         3

Your spell library contained the following spells:

 Spells                   Type           Power      Damage    Failure   Level
 Mercury Vapours          Alch/Air       0%         N/A       34%         2
 Sublimation of Blood     Necr           0%         N/A       34%         2
 Volatile Blastmotes      Fire/Tloc      0%         2d10      56%         3
 Fulminant Prism          Conj/Alch      1%         3d5       90%         4
 Iskenderun's Mystic Bla  Conj/Tloc      2%         2d3       90%         4
 Freezing Cloud           Conj/Ice/Air   1%         6-21      99%         5
 Iskenderun's Battlesphe  Conj           4%         2d6       99%         5
 Bombard                  Conj/Erth      1%         9d1       100%        6
 Spellforged Servitor     Conj/Summ      2%         N/A       100%        7
 Summon Hydra             Summ           1%         N/A       100%        7


Dungeon Overview and Level Annotations

Branches:
Dungeon (3/15)

Altars:
The Shining One

Annotations:
D:3 Sigmund


Innate Abilities, Weirdness & Mutations

You are too large for most types of armour.
You have a pair of small horns on your head.
You have tough skin. (AC +1)
You gain doubled healing and magic from potions.
Whenever you drink a healing potion, you attack all around you.
Your mind is acute. (Int +4, Str/Dex -1)
Your body sometimes deteriorates upon taking damage.
You are somewhat resistant to further mutation.


Message History

You barely miss something. Your headbutt misses something.
The adder bites your cerulean imp but does no damage.
Your cerulean imp misses the adder.
You are too injured to fight recklessly!
You hit something but do no damage.
A nearby plant withers and dies.
Something hits you but does no damage.
Your cerulean imp barely misses the adder.
The hobgoblin hits you but does no damage.
You closely miss something. Your headbutt misses something.
You hear some strange, mumbled words.
Something tries to affect you, but you resist.
Your cerulean imp hits the adder with a -4 spear.
The hobgoblin misses you.
You barely miss something. Something hits you.
Your cerulean imp misses the adder.
A hobgoblin comes into view.
The hobgoblin hits you with a +0 whip.
You hit something but do no damage. Your headbutt misses something.
Your cerulean imp completely misses the adder.
Something hits you. The hobgoblin completely misses you.
Your cerulean imp misses the adder.
You barely miss something. The hobgoblin hits you with a +0 whip.
You hear some strange, mumbled words.
You are confused.
Your cerulean imp hits the adder but does no damage.
Something hits you!
* * * LOW HITPOINT WARNING * * *
Your cerulean imp barely misses the adder.
Unknown command.
You bump into the rock wall.
Sigmund appears from thin air!
Reactivating autopickup.
The hobgoblin hits you but does no damage.
Your cerulean imp hits the adder from afar with a -4 spear.
You bump into the rock wall.
Sigmund points at you and mumbles some strange words.
The magic dart hits you!
* * * LOW HITPOINT WARNING * * *
The hobgoblin hits you with a +0 whip.
You die...
Xom chortles!

#~~~≈≈~~....~~♣
#...####.#
##~~~≈~~...~~♣♣
#......#..
...~~≈≈~~...~♣##
#...##.#.#
###♣~~~~~...~..#
######....
♣~~P~~....#.#
###..
♣♣~~~~....#...
### ♣~~~~##..#
#.# #
.♣~~~5###@# .#
### #
..~~~.gSg@# #.##
# ...♣#######
#..## # ...
#...## # ##
###....####
##.#$.#.....
#._..#######
##.#..#.....
###....#### ∆
#...## #


You could see Sigmund, an adder (ally target), 2 hobgoblins and a friendly
cerulean imp (summoned).

Vanquished Creatures
  Jessica (D:2)
  Robin (D:3)
  An adder (D:2)
  A dart slug (D:2)
  An orc (D:3)
  4 endoplasms
  2 giant cockroaches (D:1)
  4 hobgoblins
  4 jackals
  3 kobolds
  5 quokkas
  7 ball pythons
  7 bats
  4 frilled lizards
  11 goblins
  3 rats (D:2)
59 creatures vanquished.

Vanquished Creatures (collateral kills)
  3 gnolls (D:2)
  3 goblins (D:3)
  A bat (D:3)
7 creatures vanquished.

Grand Total: 66 creatures vanquished

Notes
Turn   | Place    | Note
-------+----------+-------------------------------------------
     0 | D:1      | spaghetti the Oni Chaos Knight began the quest for the Orb.
     0 | D:1      | Reached XP level 1. HP: 24/24 MP: 1/1
   171 | D:1      | Reached skill level 1 in Stealth
   183 | D:1      | Reached XP level 2. HP: 27/32 MP: 2/2
   384 | D:1      | XOM: divination: detect creatures
   393 | D:1      | XOM: enchant monster (bad)
   398 | D:1      | Reached XP level 3. HP: 31/39 MP: 3/3
   582 | D:2      | Noticed Jessica
   583 | D:2      | Killed Jessica
   586 | D:2      | Reached XP level 4. HP: 48/48 MP: 4/4
   629 | D:2      | XOM: give mutations
   629 | D:2      | Gained mutation: You are weak. (Str -2) [Xom's mischief]
   629 | D:2      | Lost mutation: You are weak. (Str -2) [Xom's mischief]
   629 | D:2      | Gained mutation: You occasionally lose the ability to read
                  | scrolls when taking damage. [Xom's mischief]
   881 | D:2      | XOM: cast spell 'Monstrous Menagerie'
   941 | D:2      | Learned a level 2 spell: Call Imp
  1224 | D:2      | Reached XP level 5. HP: 54/54 MP: 5/5
  1378 | D:3      | Noticed Sigmund
  1380 | D:3      | XOM: potion effect (brilliance)
  1417 | D:3      | XOM: divination: detect items
  1442 | D:3      | Lost mutation: You occasionally lose the ability to read
                  | scrolls when taking damage. [potion of mutation]
  1442 | D:3      | Gained mutation: Your body sometimes deteriorates upon
                  | taking damage. [potion of mutation]
  1442 | D:3      | Gained mutation: Your mind is acute. (Int +4, Str/Dex -1)
                  | [potion of mutation]
  1442 | D:3      | Gained mutation: You are somewhat resistant to further
                  | mutation. [potion of mutation]
  1740 | D:3      | Found a glowing golden altar of the Shining One.
  1765 | D:3      | Noticed Robin
  1786 | D:3      | Killed Robin
  1815 | D:3      | XOM: 8-stop teleportation journey
  2019 | D:3      | Reached skill level 1 in Spellcasting
  2050 | D:3      | Learned a level 3 spell: Mephitic Cloud
  2052 | D:3      | XOM: noise
  2221 | D:3      | Slain by a hobgoblin

Illustrated notes

Levels and vault maps discovered:
D:1:      dpeg_arrival_simpleton_a, layout_basic
D:2:      layout_basic, uniq_jessica
D:3:      layout_loops_cross, nicolae_tso_swordbearing_angel,
          nicolae_overflow_crystal_walls, serial_bayou, serial_bayou_ford_a,
          serial_bayou_lake_a, serial_bayou_lagoon_b, serial_bayou_pond_c,
          chequers_serial_rivers_marsh, uniq_robin, uniq_sigmund

Skill      XL: |  1  2  3  4  5 |
---------------+----------------+-----
Stealth        | 1 2 3 |  3.5
Spellcasting   | 1 |  1.0
Fighting       | |  4.0
Short Blades   | |  2.6
Dodging        | |  2.1
Conjurations   | |  0.6
Summonings     | |  0.6

Action                     |  1- 3 |  4- 6 || total
---------------------------+-------+-------++-------
  Melee: Short sword       |    88 |     4 ||    92
         Punch             |     1 |     2 ||     3
         Headbutt          |    11 |    23 ||    34
         Dagger            |       |    26 ||    26
         Staff             |       |    92 ||    92
   Cast: Call Imp          |       |     6 ||     6
    Use: Scroll            |       |     5 ||     5
         Potion            |       |     4 ||     4
   Stab: Petrifying        |     1 |       ||     1
         Sleeping          |     1 |     4 ||     5
 Armour: Robe              |    50 |   110 ||   160
  Dodge: Dodged            |    41 |    51 ||    92
